 Dungeon Crawl Stone Soup version 0.25-a0-42-g6c54e25894 (webtiles) character file.

Game seed: 1665400448064062064, levelgen mode: deterministic

33 Flugkiller the Sneak (level 3, -2/24 HPs)
             Began as an Octopode Enchanter on Oct 22, 2019.
             Slain by a worm (11 damage)
             ... on level 2 of the Dungeon.
             The game lasted 00:01:03 (1111 turns).

Flugkiller the Sneak (Octopode Enchanter)           Turns: 1111, Time: 00:01:04

Health: -2/24      AC:  1    Str:  7    XL:     3   Next: 29%
Magic:  6/6        EV: 14    Int: 17    God:
Gold:   17         SH:  0    Dex: 13    Spells: 5/6 levels left

rFire    . . .     SeeInvis .   a - +1 dagger
rCold    . . .     Gourm    .   (no shield)
rNeg     + . .     Faith    .   (helmet restricted)
rPois    .         Spirit   .   (no amulet)
rElec    .         Reflect  .   e - ring of positive energy
rCorr    .         Harm     .   (no ring)
MR       .....                  (no ring)
Stlth    +++.......             (no ring)
HPRegen  0.08/turn              (no ring)
MPRegen  0.10/turn              (no ring)
                                (no ring)
                                (no ring)

@: no status effects
A: almost no armour, stealthy swim, amphibious, 8 rings, constrict 8, camouflage
1, gelatinous body 1
a: no special abilities


You were on level 2 of the Dungeon.
You were not hungry.

You visited 1 branch of the dungeon, and saw 2 of its levels.

You collected 17 gold pieces.

Inventory:

Hand Weapons
 a - a +1 dagger (weapon)
Jewellery
 b - an uncursed ring of fire
   (You found it on level 2 of the Dungeon)
 e - a ring of positive energy (left tentacle)
   (You found it on level 1 of the Dungeon)
Scrolls
 d - a scroll of magic mapping {unknown}
 f - 2 scrolls of identify {unknown}
 g - a scroll of teleportation {unknown}
Comestibles
 c - 2 rations
 h - 6 chunks of flesh


   Skills:
 + Level 1.8 Fighting
 - Level 1.0 Short Blades
 + Level 2.5 Dodging
 - Level 4.0 Stealth
 + Level 1.2 Unarmed Combat
 - Level 2.0 Spellcasting
 - Level 3.0 Hexes


You had 5 spell levels left.
You knew the following spells:

 Your Spells              Type           Power        Failure   Level  Hunger
a - Corona                Hex            ##.....      5%          1    #......

Your spell library contained the following spells:

 Spells                   Type           Power        Failure   Level  Hunger
 Ensorcelled Hibernation  Hex/Ice        #.....       16%         2    ###....
 Confuse                  Hex            ##......     17%         3    ###....
 Tukima's Dance           Hex            ##......     17%         3    ###....
 Dazzling Spray           Conj/Hex       #.....       30%         3    ###....


Dungeon Overview and Level Annotations

Branches:
Dungeon (1/15)

Altars:


Innate Abilities, Weirdness & Mutations

You cannot wear most types of armour.
You are very stealthy in the water. (Stealth+)
You are amphibious.
You can wear up to eight rings at the same time.
You can use your tentacles to constrict eight enemies at once.
Your skin changes colour to match your surroundings (Stealth+).
Your rubbery body absorbs attacks. (AC +1, EV +1)


Message History

Found a club.
A kobold comes into view. It is wielding a +0 dagger.
A kobold is nearby!
Remove which piece of jewellery? (? for menu, Esc to quit)
You remove your ring of fire.
The helpless kobold fails to defend itself.
You puncture the kobold!
You kill the kobold!
No target in view!
No target in view!
No target in view!
No target in view!
No target in view!
Found a mace.
You see here a mace.
You butcher the jackal corpse.
h - 4 chunks of flesh (gained 3)
You butcher the jackal corpse.
h - 6 chunks of flesh (gained 2)
Things that are here:
a jackal skeleton x2
Things that are here:
a jackal skeleton x2
A worm comes into view.
Things that are here:
a +0 club; a hobgoblin corpse You see here a bubbling purple potion.
Found a scroll labeled WETHRYC UTWO.
You hit the worm but do no damage. You grab the worm. You squeeze the worm.
The worm is lightly wounded.
You constrict the worm. The worm bites you.
You hit the worm. You squeeze the worm.
The worm is moderately wounded.
You constrict the worm. You hit the worm.
The worm is heavily wounded.
You constrict the worm. The worm bites you!
* * * LOW HITPOINT WARNING * * *
You hit the worm.
The worm is heavily wounded.
You constrict the worm. The worm barely misses you.
Unknown command.
You hit the worm.
The worm is severely wounded.
You constrict the worm.
Unknown command.
You hit the worm but do no damage.
The worm is almost dead.
You constrict the worm. The worm bites you!
You die...

#...#..........###
..#............#
.....###..#÷#### #
.........##)### ###..
.....#..###...###....?
.......>#####!....##
...................#
.....#.##÷####...###
^....#. #.# #.@#.#
.... ##.#.##.w##...
.... #...##.# .... ###
##...........8.#
##.##.)... .#.# #...
.#.. .### ##.. # h# r#


You could see a worm.

Vanquished Creatures
  3 bats (D:1)
  2 giant cockroaches
  2 goblins (D:1)
  5 hobgoblins
  6 jackals
  4 frilled lizards (D:1)
  6 kobolds
  3 rats
31 creatures vanquished.

Vanquished Creatures (others)
  A worm (D:2)
1 creature vanquished.

Grand Total: 32 creatures vanquished

Notes
Turn   | Place    | Note
-------+----------+-------------------------------------------
     0 | D:1      | Flugkiller the Octopode Enchanter began the quest for the
                  | Orb.
     0 | D:1      | Reached XP level 1. HP: 11/11 MP: 3/3
   267 | D:1      | Reached skill level 1 in Fighting
   313 | D:1      | Reached XP level 2. HP: 14/18 MP: 5/5
   702 | D:1      | Reached skill level 1 in Unarmed Combat
   853 | D:1      | You fall into a shaft and drop 1 floor!
   865 | D:2      | Reached XP level 3. HP: 19/23 MP: 6/6
   924 | D:2      | Noticed an ogre
  1111 | D:2      | Slain by a worm

Levels and vault maps discovered:
D:1:      matt_arrival_diagonals, layout_loops_ring
D:2:      layout_rooms, minitemple, grunt_temple_overflow_holy_war,
          first_ration, hangedman_feature_mirror, minivault_26,
          minmay_misc_feat_more_columns, uniq_crazy_yiuf_cottage

Skill      XL: |  1  2 |
---------------+-------+-----
Fighting       | 1 |  1.8
Unarmed Combat | 1 |  1.2
Short Blades   | |  1.0
Dodging        | |  2.5
Stealth        | |  4.0
Spellcasting   | |  2.0
Hexes          | |  3.0

Action                   || total
-------------------------++-------
Melee: Dagger            ||    78
       Constrict         ||    17
       Tentacles         ||     9
       Punch             ||     1
 Stab: Sleeping          ||     8
  Eat: Chunk             ||     1
Armor: Skin              ||     5
Dodge: Dodged            ||    58

Table legend:
 A = Non-vault XP
 B = Vault XP
 C = Vault XP percentage of total XP
 D = Non-vault monster count
 E = Vault monster count
 F = Vault count percentage of total count
                 A         B        C        D         E       F
            +---------+---------+-------+---------+---------+-------
      Total |      47 |       1 |   2.1 |      30 |       1 |   3.2
            +---------+---------+-------+---------+---------+-------
        D:1 |      32 |       0 |   0.0 |      21 |       0 |   0.0
        D:2 |      15 |       1 |   6.2 |       9 |       1 |  10.0
            +---------+---------+-------+---------+---------+-------
